 Dungeon Crawl Stone Soup version 0.27.0-1-g7a089689b8 (webtiles) character file.

Game seed: 13097074877904232292

2463 Crownlay the Cleaver (level 9, -6/70 HPs)
             Began as a Hill Orc Fighter on Aug 13, 2021.
             Was an Elder of Elyvilon.
             Mangled by a two-headed ogre (7 damage)
             ... on level 8 of the Dungeon.
             The game lasted 00:11:12 (7811 turns).

Crownlay the Cleaver (Hill Orc Fighter)             Turns: 7811, Time: 00:11:12

Health: -6/70      AC:  8    Str: 22    XL:     9   Next: 50%
Magic:  6/9        EV:  8    Int:  8    God:    Elyvilon [****..]
Gold:   364        SH: 11    Dex: 10    Spells: 8/8 levels left

rFire    . . .     SeeInvis .   a - +4 war axe (venom)
rCold    . . .     Faith    .   c - +0 kite shield
rNeg     . . .     Spirit   .   b - +0 scale mail
rPois    .         Reflect  .   n - +0 helmet
rElec    .         Harm     .   (no cloak)
rCorr    .         Rampage  .   (no gloves)
Will     .....                  (no boots)
Stlth    ..........             (no amulet)
HPRegen  0.21/turn              (no ring)
MPRegen  0.11/turn              (no ring)

@: no status effects
A: no striking features
a: Renounce Religion, Lesser Healing, Heal Other, Purification, Greater Healing,
Divine Protection


You were on level 8 of the Dungeon.
You worshipped Elyvilon.
Elyvilon was greatly pleased with you.
You visited 1 branch of the dungeon, and saw 8 of its levels.
You also visited: Ossuary.

You collected 364 gold pieces.

Inventory:

Hand Weapons
 a - a +4 war axe of venom (weapon)
Missiles
 D - 3 curare-tipped darts (quivered)
Armour
 b - a +0 scale mail (worn)
 c - a +0 kite shield (worn)
 n - a +0 helmet (worn)
Jewellery
 m - a ring of ice
Wands
 r - a wand of acid (9)
 A - a wand of polymorph (17)
Scrolls
 e - 2 scrolls of immolation
 f - 3 scrolls of fog {unknown}
 h - a scroll of torment
 i - 2 scrolls of noise
 l - 2 scrolls of teleportation {unknown}
 p - 5 scrolls of amnesia {unknown}
 w - a scroll of fear
 B - 2 scrolls of enchant armour
Potions
 d - 2 potions of might
 g - 2 potions of brilliance {unknown}
 j - a potion of heal wounds {unknown}
 k - a potion of cancellation {unknown}
 o - 3 potions of flight
 q - 2 potions of lignification {unknown}
 s - 3 potions of haste {unknown}
 t - a potion of resistance {unknown}
 u - a potion of degeneration {unknown}
 v - 8 potions of curing
 x - a potion of berserk rage {unknown}
 z - a potion of magic {unknown}
 C - a potion of attraction {unknown}


   Skills:
 - Level 3.6 Fighting
 - Level 14.0 Axes
 - Level 3.2 Armour
 + Level 7.2 Shields


You had 8 spell levels left.
You didn't know any spells.
Your spell library contained the following spells:

 Spells                   Type           Power      Damage    Failure   Level
 Gell's Gravitas          Tloc           0%         N/A       100%        3
 Teleport Other           Tloc           0%         N/A       100%        3
 Dispersal                Tloc           0%         N/A       100%        6


Dungeon Overview and Level Annotations

Branches:
Dungeon (8/15)             Temple (0/1) D:5         Ossuary (visited)
   Lair: D:8-11

Altars:
Elyvilon
Gozag
Hepliaklqana
Ru
Uskayaw
Vehumet
Zin


Message History

You block the two-headed ogre's attack.
Your scale mail prevents you from hitting the two-headed ogre.
The two-headed ogre is lightly wounded.
The two-headed ogre hits you with a +0 dire flail!
The two-headed ogre hits you with a +0 giant spiked club!!
You are too injured to fight recklessly!
You are too injured to fight recklessly!
You are too injured to fight recklessly!
You are too injured to fight recklessly!
Your shield prevents you from hitting the two-headed ogre.
The two-headed ogre is lightly wounded.
You slash the two-headed ogre!
The two-headed ogre looks as sick as possible!
The two-headed ogre is moderately wounded.
The two-headed ogre closely misses you.
The two-headed ogre completely misses you.
You barely miss the two-headed ogre.
The two-headed ogre is moderately wounded.
The two-headed ogre hits you with a +0 dire flail!!
* * * LOW HITPOINT WARNING * * *
You block the two-headed ogre's attack.
You are healed.
The two-headed ogre closely misses you.
The two-headed ogre hits you with a +0 giant spiked club.
* * * LOW HITPOINT WARNING * * *
You closely miss the two-headed ogre.
The two-headed ogre is severely wounded.
The two-headed ogre hits you with a +0 dire flail!
* * * LOW HITPOINT WARNING * * *
You block the two-headed ogre's attack.
You are healed.
You hit the two-headed ogre.
The two-headed ogre looks as sick as possible!
The two-headed ogre is almost dead.
The two-headed ogre hits you with a +0 dire flail!!
* * * LOW HITPOINT WARNING * * *
The two-headed ogre closely misses you.
You barely miss the two-headed ogre.
The two-headed ogre is almost dead.
The two-headed ogre hits you with a +0 dire flail!
You die...

####)..##
##.##)...###
##..........#
##.....)..###..
##......##.##
#####...<.####..##
.................#
...............#.#
#......@.....##..#
.#.....O....#.#..#
#.##......##.#...#
#.#....#.##....###.
.#.#.#..#.#.#.......#
..#.##..##.#......###
...##...[##.......#
..................#
..................#


You could see a two-headed ogre (extremely poisoned).

Vanquished Creatures
  A steam dragon (D:7)
  Edmund (D:5)
  A water moccasin (D:6)
  3 sky beasts
  A necrophage (D:5)
  3 ogres
  3 elf zombies (Ossuary)
  4 bullfrogs
  A scorpion (D:4)
  3 water moccasin skeletons
  2 centaur zombies
  2 human zombies (Ossuary)
  4 hounds
  3 orc priests
  2 jellies
  2 bullfrog skeletons
  An iguana (D:4)
  A scorpion zombie (D:5)
  2 orc wizards
  3 mummies
  2 hound skeletons (D:4)
  4 gnolls (D:5)
  A howler monkey skeleton (D:5)
  5 adders
  2 white imps (D:6)
  An adder zombie (Ossuary)
  A worm (D:3)
  3 dart slugs
  14 orcs
  5 endoplasms
  3 giant cockroaches
  10 goblins
  5 hobgoblins
  7 jackals
  4 quokkas
  6 ball pythons
  7 bats
  6 frilled lizards
  8 hobgoblin zombies (Ossuary)
  2 jackal zombies (Ossuary)
  8 kobolds
  13 kobold zombies
  10 orc zombies
  A quokka skeleton (D:4)
  9 rats
  A bush (D:1)
181 creatures vanquished.

Vanquished Creatures (others)
  4 plants
4 creatures vanquished.

Grand Total: 185 creatures vanquished

Notes
Turn   | Place    | Note
-------+----------+-------------------------------------------
     0 | D:1      | Crownlay the Hill Orc Fighter began the quest for the Orb.
     0 | D:1      | Reached XP level 1. HP: 19/19 MP: 1/1
     0 | D:1      | Noticed a spriggan
     0 | D:1      | Noticed a barachi
     1 | D:1      | Noticed a formicid
     3 | D:1      | Noticed an elf
     3 | D:1      | Noticed a gargoyle
     5 | D:1      | Noticed a palentonga
     6 | D:1      | Noticed an elf
     7 | D:1      | Noticed a barachi
     9 | D:1      | Noticed a felid
    11 | D:1      | Noticed a demigod
    13 | D:1      | Noticed a minotaur
    15 | D:1      | Noticed a demigod
    15 | D:1      | Noticed a demonspawn
    17 | D:1      | Noticed a vine stalker
    17 | D:1      | Noticed an octopode
    21 | D:1      | Noticed a minotaur
   147 | D:1      | Reached skill level 3 in Axes
   363 | D:1      | Reached XP level 2. HP: 26/26 MP: 2/2
   380 | D:1      | Found a faded altar of an unknown god.
   573 | D:1      | Reached skill level 4 in Axes
   725 | D:1      | Became a worshipper of Elyvilon the Healer
   725 | D:1      | Reached * piety under Elyvilon
  1506 | D:2      | Reached XP level 3. HP: 31/31 MP: 3/3
  1641 | D:2      | Reached skill level 5 in Axes
  1758 | D:2      | Reached XP level 4. HP: 38/39 MP: 4/4
  1930 | D:2      | Reached ** piety under Elyvilon
  2461 | D:3      | Reached skill level 6 in Axes
  2564 | D:3      | Found a hazy altar of Hepliaklqana.
  3074 | D:4      | Found a hide-covered altar of Uskayaw.
  3093 | D:4      | Reached *** piety under Elyvilon
  3098 | D:4      | Found a radiant altar of Vehumet.
  3109 | D:4      | Reached skill level 7 in Axes
  3109 | D:4      | Reached XP level 5. HP: 37/45 MP: 5/5
  3180 | D:4      | Reached skill level 8 in Axes
  3180 | D:4      | Reached XP level 6. HP: 22/51 MP: 6/6
  3373 | D:4      | Noticed a sky beast
  3380 | D:4      | Killed a sky beast
  3387 | D:4      | Reached skill level 9 in Axes
  3615 | D:4      | Reached XP level 7. HP: 55/57 MP: 7/7
  3845 | D:4      | Reached skill level 10 in Axes
  4108 | D:4      | Identified the +1 ring mail of Zukkipo {Harm rF+ Stlth+}
  4260 | D:5      | Entered Level 5 of the Dungeon
  4332 | D:5      | Reached skill level 11 in Axes
  4570 | D:5      | Reached XP level 8. HP: 64/64 MP: 8/8
  4711 | D:5      | Found a sand-covered staircase.
  4715 | Ossuary  | Entered an ossuary
  4919 | Ossuary  | Reached skill level 12 in Axes
  5373 | D:5      | Noticed Edmund
  5381 | D:5      | Killed Edmund
  5382 | D:5      | Reached skill level 13 in Axes
  5612 | D:5      | Found a staircase to the Ecumenical Temple.
  6045 | D:6      | Reached **** piety under Elyvilon
  6052 | D:6      | Reached skill level 14 in Axes
  6052 | D:6      | Reached XP level 9. HP: 32/70 MP: 9/9
  6507 | D:6      | Reached skill level 5 in Shields
  7195 | D:7      | Found an opulent altar of Gozag.
  7195 | D:7      | Found a glowing silver altar of Zin.
  7319 | D:7      | Found a sacrificial altar of Ru.
  7790 | D:8      | Noticed a two-headed ogre
  7797 | D:8      | HP: 3/70 [two-headed ogre (25)]
  7804 | D:8      | HP: 2/70 [two-headed ogre (17)]
  7810 | D:8      | HP: 1/70 [two-headed ogre (19)]
  7811 | D:8      | Mangled by a two-headed ogre

Illustrated notes

Levels and vault maps discovered:
D:1:      shiori_arrival_whats_in_store_for_you, layout_basic, serial_forest,
          infiniplex_forest_clump_diagonal, infiniplex_forest_clump_curved,
          infiniplex_forest_side_room, infiniplex_forest_end_1,
          infiniplex_forest_zigzag_2, hellmonk_ecumenical_altar_blasted
D:2:      layout_basic
D:3:      layout_basic, mainiacjoe_overflow_brackets
D:4:      layout_basic, nicolae_vehumet_radiance, nicolae_uskayaw_dance_hall
D:5:      layout_rooms, minmay_temple_entry_wispy, enter_ossuary_5,
          minmay_diced_spiral, uniq_edmund
D:6:      layout_basic, minmay_mini_ossuary
D:7:      layout_rooms, grunt_temple_overflow_gold_and_silver,
          nicolae_ru_the_path_less_chosen
D:8:      minmay_distorted_concentric_squares, layout_layer_cave,
          nicolae_overflow_hidden_temple, tso_oasis_becter,
          chequers_serial_rivers_large_a, fountainhead,
          minmay_misc_feat_ornament, minmay_misc_feat_secret_circle,
          uniq_psyche, uniq_erica, uniq_harold

Skill      XL: |  1  2  3  4  5  6  7  8  9 |
---------------+----------------------------+-----
Axes           | 3 4 5 7 8 9 11 14 | 14.0
Shields        | 7 |  7.2
Fighting       | |  3.6
Armour         | |  3.2

Action                   |  1- 3 |  4- 6 |  7- 9 || total
-------------------------+-------+-------+-------++-------
Melee: War axe           |   130 |   142 |   329 ||   601
Invok: Lesser Healing    |       |     3 |       ||     3
       Greater Healing   |       |       |     2 ||     2
  Use: Scroll            |       |       |    12 ||    12
Armor: Scale mail        |    32 |    85 |   107 ||   224
Dodge: Dodged            |    24 |    64 |    74 ||   162
Block: Kite shield       |    45 |    96 |   110 ||   251
